 Dungeon Crawl Stone Soup version 0.31-a0-846-gb3bcc0d938 (webtiles) character file.

Game seed: 17471384156246890525

161854 Strat the Arsonist (level 18, -2/153 HPs)
             Began as a Human Fire Elementalist on Sept 28, 2023.
             Was an Elder of Ashenzari.
             Slain by a salamander
             ... wielding a +0 trident
              (13 damage)
             ... on level 2 of the Snake Pit on Oct 3, 2023.
             The game lasted 02:06:25 (37971 turns).

Strat the Arsonist (Human Fire Elementalist)       Turns: 37971, Time: 02:06:26

Health: -2/153     AC: 24    Str: 13    XL:     18   Next: 42%
Magic:  23/32      EV: 18    Int: 24    God:    Ashenzari [****..]
Gold:   3135       SH: 11    Dex: 16    Spells: 21/37 levels left

rFire   . . .        a - +7 scimitar of the Visionary Seer {protect, Bglg, Melee} (curse)
rCold   + . .        X - +0 kite shield "Chained Vision" {reflect, Dev, Cun} (curse)
rNeg    . . .        I - +0 acid dragon scales
rPois   .            h - +2 helmet "Overhang to Understand" {Fort, Comp} (curse)
rElec   +            s - +2 cloak "Burden of Ashenzari" {Melee, Elem} (curse)
rCorr   +            (no gloves)
SInv    +            j - +3 pair of mountain boots {steadfast, rC+, Cun, Self} (curse)
Will    ++...        t - amulet "Lashed Together" {Will+ Regen+, Fort, Cun} (curse)
Stlth   +++          Q - ring of the Griffon {rElec Str+3 Int+4 SInv}
HPRegen 1.25/turn    H - ring "Share My Idealism" {AC+4, Alch, Self} (curse)
MPRegen 0.23/turn

%: reflection, clarity
@: very slightly contaminated, slowed, very slow
A: no striking features
a: Renounce Religion, Shatter the Chains


You were on level 2 of the Snake Pit.
You worshipped Ashenzari.
Ashenzari was greatly pleased with you.
You visited 6 branches of the dungeon, and saw 29 of its levels.
You also visited: Sewer, Bailey, Gauntlet and Ice Cave.

You collected 3357 gold pieces.
You spent 222 gold pieces at shops.

Inventory:

Hand Weapons
 a - the cursed +7 scimitar of the Visionary Seer (weapon) {protect, Bglg, Melee}
   (You took it off Maggie on level 6 of the Dungeon)

   It has a curse which improves the following skills: Beguiling: Conjurations,
   Hexes and Translocations.
   Melee Combat: Short Blades, Long Blades, Axes, Maces & Flails, Polearms,
   Staves and Unarmed Combat.
Missiles
 M - 2 throwing nets
Armour
 h - the cursed +2 helmet "Overhang to Understand" (worn) {Fort, Comp}
   (You found it on level 2 of the Lair of Beasts)

   It has a curse which improves the following skills: Fortitude: Armour and
   Shields.
   Companions: Summonings and Necromancy.
 j - the cursed +3 pair of mountain boots (worn) {steadfast, rC+, Cun, Self}
   (You found it in a Gauntlet)

   Steadfast: It prevents involuntary movement, except for blinking,
   teleportation, or banishment.
   rC+:       It protects you from cold.
   It has a curse which improves the following skills: Cunning: Dodging and
   Stealth.
   Introspection: Fighting and Spellcasting.
 s - the cursed +2 cloak "Burden of Ashenzari" (worn) {Melee, Elem}
   (You took it off Crazy Yiuf on level 2 of the Dungeon)

   It has a curse which improves the following skills: Melee Combat: Short
   Blades, Long Blades, Axes, Maces & Flails, Polearms, Staves and Unarmed
   Combat.
   Elements:  Fire Magic, Ice Magic, Air Magic and Earth Magic.
 y - a +0 buckler
 E - the +2 cloak "Rukkiat" {rElec rPois rC- Str+4}
   (You found it on level 4 of the Lair of Beasts)

   Str+4:     It affects your strength (+4).
   rC-:       It makes you vulnerable to cold.
   rElec:     It insulates you from electricity.
   rPois:     It protects you from poison
 I - +0 acid dragon scales (worn)
 R - the orb of Gestures {mayhem, rElec rCorr Int+3 Dex+2}
   (You found it in a Gauntlet)

   Int+3:     It affects your intelligence (+3).
   Dex+2:     It affects your dexterity (+2).
   rElec:     It insulates you from electricity.
   rCorr:     It protects you from acid and corrosion.
 X - the cursed +0 kite shield "Chained Vision" (worn) {reflect, Dev, Cun}
   (You took it off a tengu warrior on level 15 of the Dungeon)

   It has a curse which improves the following skills: Devices: Evocations and
   Shapeshifting.
   Cunning:   Dodging and Stealth.
Magical Staves
 o - the staff "Apnuqoin" {rF+ Str+2 SInv Fire}
   (You found it on level 1 of the Snake Pit)

   [staff of fire]

   Base accuracy: +5 Base damage: 5 Base attack delay: 1.2 This weapon's minimum
   attack delay (0.6) is reached at skill level 12.
   Str+2:     It affects your strength (+2).
   rF+:       It protects you from fire.
   SInv:      It lets you see invisible.
   Fire:      It increases the power of your Fire spells.
   It falls into the 'Staves' category.
   It is a one-handed weapon.
Jewellery
 b - a +5 ring of evasion
 t - the cursed amulet "Lashed Together" (around neck) {Will+ Regen+, Fort, Cun}
   (You found it on level 10 of the Dungeon)

   [amulet of regeneration]

   Will+:     It increases your willpower.
   Regen+:    It increases your rate of health regeneration.
   It has a curse which improves the following skills: Fortitude: Armour and
   Shields.
   Cunning:   Dodging and Stealth.
 A - a ring of protection from fire
 D - a ring of resist corrosion
 H - the cursed ring "Share My Idealism" (right hand) {AC+4, Alch, Self}
   (You found it on level 5 of the Lair of Beasts)

   [ring of protection]

   AC+4:      It affects your AC (+4).
   It has a curse which improves the following skills: Alchemy: Poison Magic and
   Transmutations.
   Introspection: Fighting and Spellcasting.
 J - a ring of protection from fire
 L - the ring "Illeew" {rN++ MP+9 Str+4}
   (You found it in an ice cave)

   [ring of magical power]

   Str+4:     It affects your strength (+4).
   rN++:      It greatly protects you from negative energy.
   MP+9:      It affects your magic capacity (+9).
 P - a ring of flight
 Q - the ring of the Griffon (left hand) {rElec Str+3 Int+4 SInv}
   (You found it in a Gauntlet)

   [ring of see invisible]

   Str+3:     It affects your strength (+3).
   Int+4:     It affects your intelligence (+4).
   rElec:     It insulates you from electricity.
   SInv:      It lets you see invisible.
 V - an amulet of magic regeneration
Wands
 c - a wand of light (5)
 g - a wand of roots (6)
 p - a wand of mindburst (7)
 q - a wand of digging (3)
 F - a wand of flame (50)
 G - a wand of charming (15)
Scrolls
 e - 2 scrolls of teleportation
 l - 4 scrolls of vulnerability
 n - 4 scrolls of fog
 v - a scroll of enchant weapon
 K - a scroll of poison
 T - a scroll of fear
 U - a scroll of immolation
Potions
 d - 4 potions of curing
 f - 10 potions of attraction
 i - 5 potions of mutation
 k - 5 potions of enlightenment
 m - a potion of heal wounds
 r - a potion of magic
 u - 5 potions of brilliance
 w - 2 potions of resistance
 x - 3 potions of ambrosia
 z - a potion of might
 B - 2 potions of lignification
Miscellaneous
 C - a condenser vane


   Skills:
 - Level 13.8(16.4) Fighting
 - Level 13.2(15.9) Long Blades
 - Level 8.4(11.1) Armour
 - Level 11.5(15.0) Dodging
 - Level 3.9(7.1) Stealth
 + Level 6.3(9.1) Shields
 - Level 7.5(10.3) Spellcasting
 - Level 5.2(7.0) Conjurations
 + Level 14.7(16.4) Fire Magic
 + Level 7.1(9.0) Air Magic
 - Level 8.3(10.2) Evocations


You had 21 spell levels left.
You knew the following spells:

 Your Spells              Type           Power      Damage    Failure   Level
a - Foxfire               Conj/Fire      100%       2x1d9     1%          1
b - Scorch                Fire           100%       2d9       1%          2
c - Inner Flame           Hex/Fire       51%        N/A       1%          3
d - Flame Wave            Conj/Fire      62%        2d14      1%          4
e - Plasma Beam           Fire/Air       32%        2x1d45    14%         6

Your spell library contained the following spells:

 Spells                   Type           Power      Damage    Failure   Level
 Magic Dart               Conj           100%       1d8       1%          1
 Shock                    Conj/Air       100%       1d9       1%          1
 Volatile Blastmotes      Fire/Tloc      100%       2d18      1%          3
 Ignite Poison            Fire/Tmut/Pois 39%        N/A       5%          3
 Mephitic Cloud           Conj/Pois/Air  38%        N/A       5%          3
 Cigotuvi's Dreadful Rot  Necr/Pois/Air  54%        N/A       8%          2
 Hailstorm                Conj/Ice       29%        3d8       12%         3
 Stone Arrow              Conj/Erth      58%        3d10      12%         3
 Freeze                   Ice            52%        1d6       16%         1
 Necrotise                Necr           52%        1d6       16%         1
 Sandblast                Erth           26%        2d8       16%         1
 Arcjolt                  Conj/Air       25%        1d35      19%         5
 Blink                    Tloc           26%        N/A       24%         2
 Call Imp                 Summ           26%        N/A       24%         2
 Lesser Beckoning         Tloc           26%        N/A       24%         2
 Passwall                 Tmut/Erth      10%        N/A       24%         2
 Summon Lightning Spire   Summ/Air       34%        N/A       26%         4
 Vhi's Electric Charge    Tloc/Air       68%        N/A       26%         4
 Brom's Barrelling Bould  Conj/Erth      29%        2d5       36%         4
 Fulminant Prism          Conj/Hex       14%        3d8       36%         4
 Iskenderun's Mystic Bla  Conj/Tloc      29%        2d7       36%         4
 Gell's Gravitas          Tloc           13%        N/A       43%         3
 Teleport Other           Tloc           13%        N/A       43%         3
 Tukima's Dance           Hex            13%        N/A       43%         3
 Vampiric Draining        Necr           13%        2d6       43%         3
 Freezing Cloud           Conj/Ice/Air   19%        6-21      45%         5
 Animate Armour           Summ/Erth      26%        N/A       85%         4
 Dimensional Bullseye     Hex/Tloc       6%         N/A       85%         4
 Leda's Liquefaction      Hex/Erth       6%         N/A       85%         4
 Manifold Assault         Tloc           13%        N/A       85%         4
 Summon Ice Beast         Ice/Summ       13%        N/A       85%         4
 Agony                    Necr           13%        N/A       99%         5
 Lee's Rapid Deconstruct  Erth           6%         3d6*      99%         5
 Bombard                  Conj/Erth      14%        9d3       99%         6
 Simulacrum               Ice/Necr       6%         N/A       100%        6
 Spellforged Servitor     Conj/Summ      14%        N/A       100%        7


Dungeon Overview and Level Annotations

Branches:
Dungeon (15/15)            Temple (1/1) D:7            Lair (5/5) D:9
  Swamp (0/4) Lair:2        Snake (2/4) Lair:2        Slime (0/5) Lair:5
    Orc (2/2) D:11            Elf (0/3) Orc:2        Vaults (0/5) D:14
 Depths (4/4) D:15          Sewer (visited)          Bailey (visited)
  IceCv (visited)         Gauntlet (visited)
    Zot: Depths:4

Altars:
Ashenzari
Cheibriados
Dithmenos
Elyvilon
Fedhas
Gozag
Hepliaklqana
Kikubaaqudgha
Makhleb
Nemelex Xobeh
Okawaru
Qazlal
Ru
Sif Muna
Trog
Uskayaw
Vehumet
Wu Jian
Xom
Yredelemnul
Zin
The Shining One
Jiyva

Shops:
D:3 !   D:11 [:[[   Orc:1 [   Orc:2 =:*[   Depths:3 *

Annotations:
D:10 2 transporters, Doj's ghost, novice TrFi
Lair:4 3 runed translucent doors, Kirke; beavisfan's ghost, journeyman GnSh


Message History

You feel very sick. You block the naga's attack.
The naga mage gestures at the naga while chanting.
The naga seems to grow toxic.
You feel better. The naga mage spits poison at you.
The splash of poison misses you. The naga completely misses you.
You block the naga mage's attack.
The salamander attacks as it pursues you!
The salamander hits you but does no damage.
The naga mage gestures at you while chanting.
The bolt of poison hits you but does no damage.
You are poisoned.
You feel very sick. You block the naga mage's attack.
The salamander hits you from afar with a +0 trident.
* * * LOW HITPOINT WARNING * * *
You are engulfed in flames!
* * * LOW HITPOINT WARNING * * *
You feel very sick. The naga mage completely misses you.
The salamander attacks as it pursues you!
The salamander hits you but does no damage.
The naga mage spits poison at you.
Your cursed +0 kite shield "Chained Vision" {reflect, Dev, Cun} blocks the splash of poison... and reflects it back!
The splash of poison hits the naga mage.
You feel sick.
The naga mage points at you and mumbles some strange words.
The bolt of poison misses you.
The salamander hits you from afar with a +0 trident!
* * * LOW HITPOINT WARNING * * *
You are engulfed in flames!
* * * LOW HITPOINT WARNING * * *
You feel better.
The naga no longer looks unusually toxic.
The naga mage misses you.
The salamander hits you from afar with a +0 trident.
* * * LOW HITPOINT WARNING * * *
You are engulfed in flames!
You die...

,,..............#..#,,,⌠,
,....##............#,{,,,
,...............#..#,,,⌠,
,.#......#....###..#*,,,,
*,,,,,,.......##....####.N#,**,
#................N.##..##...,**
#.#............NN.##...####..,,
#.............#...#....#..###.,
#.......###...@.....#*.....****
#........##.....#...##.....*,,,
#..............#...........,,,
#.........................#*
*#...............##..#.###*
##..#..##..#....##.####
#..#.......)......#
##.##.[)).........##
##......).........#


You could see a salamander, a naga mage (fast, catching breath) and a naga.

Vanquished Creatures
  A golden dragon (Depths:3)
  Gastronok (Lair:3)
  A nagaraja (Snake:2)
  2 frost giants (Depths:3)
  A fire giant (Depths:3)
  A juggernaut zombie (D:15)
  3 stone giants
  4 very ugly things (D:15)
  A white draconian (IceCv)
  Azrael (D:12)
  A minotaur (Gauntlet)
  3 ettins
  Snorg (D:12)
  Fannar (Lair:2)
  A great orb of eyes (Gauntlet)
  3 hydras
  Erolcha (D:12)
  4 vault guards (D:14)
  A rakshasa (Depths:1)
  A catoblepas (Lair:2)
  3 anacondas (Snake:1)
  Erica (D:11)
  A death knight (D:15)
  4 boulder beetles
  An ogre mage (D:14)
  4 centaur warriors
  3 two-headed ogres
  A deep troll shaman (Depths:3)
  2 naga warriors
  10 death yaks
  A vampire mage (D:15)
  The ghost of knightboat the Fighter, a novice OpVM of Gozag (D:9)
  4 tengu warriors
  A deep troll earth mage (Depths:3)
  A naga sharpshooter (Snake:2)
  2 shock serpents
  2 hell knights (Depths:3)
  2 iron trolls (Depths:3)
  2 skysharks
  3 skeletal warriors (D:15)
  2 deep trolls (Depths:3)
  2 salamander mystics (Snake:1)
  3 goliath frogs (Lair:5)
  A bog body (Lair:2)
  8 naga ritualists (Snake:1)
  2 glowing orange brains
  Pikel (D:8)
  A deep elf archer (D:14)
  6 orc knights
  A necromancer (D:15)
  6 mana vipers (Snake:1)
  6 ugly things
  4 deep elf pyromancers
  An orc sorcerer (D:14)
  3 salamanders
  An iron dragon skeleton (D:15)
  4 cyclopes
  A manticore (D:15)
  2 ice statues (IceCv)
  10 naga magi
  15 cane toads
  2 torpor snails (Lair:5)
  26 black mambas
  Jeremiah (D:7)
  A spriggan zombie (D:15)
  Maggie (D:6)
  2 kobold demonologists (D:9)
  3 freezing wraiths (D:15)
  6 rime drakes
  10 komodo dragons
  2 yaktaurs
  2 ice devils (D:12)
  An efreet (D:14)
  2 tengu conjurers
  A polar bear (Lair:5)
  3 trolls
  2 hornets (D:8)
  A tyrant leech (Lair:5)
  32 blink frogs
  Grinder (D:5)
  Prince Ribbit (D:9)
  14 slime creatures
  A shadow (D:12)
  A wraith (D:10)
  2 water elementals (D:14)
  A ynoxinul (D:9)
  24 yaks
  5 hogs
  5 wyverns
  A human (D:14)
  Eustachio (D:6)
  2 steam dragons (D:9)
  2 basilisks
  2 fire elementals (D:12)
  21 vampire mosquitoes
  Menkaure (D:6)
  4 swamp worms (Lair:2)
  4 wargs
  20 nagas
  2 acid dragons
  A glowing shapeshifter zombie (D:15)
  19 water moccasins
  2 hell hounds (D:12)
  49 orc warriors
  A black bear (Lair:3)
  9 ogres
  2 ice beasts
  19 wolves
  24 centaurs
  2 lemures (D:8)
  2 phantoms (D:6)
  7 kobold brigands (D:9)
  Blork the orc (D:6)
  A gnoll sergeant (D:6)
  24 bullfrogs
  2 scorpions
  10 wights
  9 killer bees (D:9)
  4 lindwurm simulacra (IceCv)
  9 electric eels
  2 howler monkeys (D:7)
  3 lava snakes (Lair:2)
  4 hounds
  2 jellies (D:7)
  6 komodo dragon simulacra (IceCv)
  Crazy Yiuf (D:2)
  A gnoll bouda (Orc:2)
  13 orc priests
  16 orc wizards
  A sleepcap (D:7)
  A hell rat (D:9)
  14 gnolls
  5 acid dragon simulacra (IceCv)
  8 adders
  A river rat (D:9)
  A shadow imp (D:8)
  2 white imps (D:14)
  7 ufetubi
  6 steam dragon simulacra (IceCv)
  5 worms
  2 dart slugs (D:1)
  118 orcs
  4 bats
  8 endoplasms
  3 giant cockroaches
  14 goblins
  15 hobgoblins
  2 jackals (D:2)
  3 quokkas
  11 ball pythons
  8 frilled lizards
  34 kobolds
  8 rats
901 creatures vanquished.

Vanquished Creatures (collateral kills)
  8 foxfires
8 creatures vanquished.

Vanquished Creatures (others)
  A fire giant (Depths:3)
  An orc warrior (Orc:2)
  A butterfly (D:15)
  1020 foxfires
1023 creatures vanquished.

Grand Total: 1932 creatures vanquished

Notes
Turn   | Place    | Note
-------+----------+-------------------------------------------
     0 | D:1      | Strat the Human Fire Elementalist began the quest for the
                  | Orb.
     0 | D:1      | Reached XP level 1. HP: 13/13 MP: 3/3
   204 | D:1      | Reached XP level 2. HP: 17/19 MP: 1/5
   252 | D:1      | Learned a level 2 spell: Scorch
   329 | D:1      | Found a faded altar of an unknown god.
   650 | D:1      | Reached skill level 4 in Fire Magic
   650 | D:1      | Reached XP level 3. HP: 23/24 MP: 1/6
  1308 | D:2      | Found a basalt altar of Yredelemnul.
  1793 | D:2      | Found a runed translucent door.
  1794 | D:2      | Noticed Crazy Yiuf
  1796 | D:2      | Identified the +4 hammer of Plague {heavy, rElec Str+2
                  | Dex+3}
  2142 | D:2      | Killed Crazy Yiuf
  2143 | D:2      | Reached skill level 5 in Fire Magic
  2143 | D:2      | Reached XP level 4. HP: 30/30 MP: 1/7
  2207 | D:2      | Identified the +4 hammer "Voonitad" {drain, Fly rElec rPois
                  | Int-2}
  2423 | D:3      | Found a glowing drain.
  2440 | Sewer    | Entered a sewer
  2516 | Sewer    | Reached XP level 5. HP: 35/35 MP: 3/8
  2520 | Sewer    | Learned a level 3 spell: Inner Flame
  3369 | D:3      | Found a white marble altar of Elyvilon.
  3376 | D:3      | Found a shimmering altar of Xom.
  3743 | D:3      | Found Saurot's Distillery.
  4447 | D:4      | Found an opulent altar of Gozag.
  4933 | D:4      | Reached XP level 6. HP: 41/41 MP: 2/10
  5141 | D:5      | Entered Level 5 of the Dungeon
  5873 | D:6      | Noticed Eustachio
  5877 | D:6      | Noticed Grinder
  5881 | D:6      | Paralysed by Grinder for 2 turns
  5893 | D:5      | Killed Grinder
  5894 | D:5      | Reached skill level 6 in Fire Magic
  5894 | D:5      | Reached XP level 7. HP: 44/46 MP: 2/12
  6036 | D:6      | Noticed a deep elf pyromancer
  6043 | D:6      | Killed a deep elf pyromancer
  6044 | D:6      | Reached skill level 7 in Fire Magic
  6044 | D:6      | Reached XP level 8. HP: 52/52 MP: 7/14
  6126 | D:6      | Noticed Menkaure
  6131 | D:6      | Killed Menkaure
  6132 | D:6      | Reached skill level 8 in Fire Magic
  6393 | D:6      | Noticed Blork the orc
  6448 | D:6      | Reached skill level 9 in Fire Magic
  6455 | D:6      | Reached XP level 9. HP: 57/57 MP: 1/15
  6653 | D:6      | Killed Blork the orc
  6726 | D:6      | Noticed Maggie
  6734 | D:6      | Killed Maggie
  6735 | D:6      | Reached skill level 10 in Fire Magic
  6735 | D:6      | Reached skill level 1 in Fighting
  6825 | D:6      | Learned a level 4 spell: Flame Wave
  7103 | D:6      | Killed Eustachio
  7490 | D:7      | Found a staircase to the Ecumenical Temple.
  7513 | Temple   | Entered the Ecumenical Temple
  7580 | Temple   | Became a worshipper of Ashenzari the Shackled
  7610 | D:7      | Reached skill level 5 in Spellcasting
  7661 | D:7      | Found a hide-covered altar of Uskayaw.
  7720 | D:7      | Noticed Jeremiah
  7992 | D:7      | Reached XP level 10. HP: 71/71 MP: 15/18
  8631 | D:7      | Killed Jeremiah
  8632 | D:7      | Reached skill level 5 in Dodging
  8951 | D:8      | Found a runed translucent door.
  9025 | D:7      | Reached skill level 5 in Fighting
  9536 | D:8      | Paralysed by a hornet for 2 turns
  9541 | D:8      | Paralysed by a hornet for 2 turns
  9543 | D:8      | HP: 2/74 [hornet (5)]
  9544 | D:8      | Noticed Pikel
 10022 | D:8      | Killed Pikel
 10822 | D:8      | Reached XP level 11. HP: 70/83 MP: 8/21
 10965 | D:8      | Identified the +7 plate armour of Egye {rPois Regen+}
 11233 | D:9      | Noticed a death yak
 11234 | D:9      | Noticed a death yak
 11411 | D:9      | Found a flagged portal.
 11451 | Bailey   | Entered a bailey
 11544 | Bailey   | Noticed an orc warlord
 11647 | Bailey   | Found a runed translucent gate.
 11649 | Bailey   | Found a runed translucent gate.
 11650 | Bailey   | Found a runed translucent gate.
 11905 | Bailey   | Reached XP level 12. HP: 94/94 MP: 23/23
 12318 | D:9      | Noticed knightboat's ghost (novice OpVM)
 12522 | D:9      | Reached skill level 1 in Long Blades
 12527 | D:9      | Reached skill level 10 in Dodging
 12661 | D:9      | Found a runed translucent door.
 12775 | D:9      | Noticed Prince Ribbit
 12779 | D:9      | Killed Prince Ribbit
 12812 | D:9      | Noticed a two-headed ogre
 12819 | D:9      | Killed a two-headed ogre
 12819 | D:9      | Noticed a death yak
 13085 | D:9      | Found a staircase to the Lair.
 13625 | Lair:1   | Entered Level 1 of the Lair of Beasts
 13896 | Lair:1   | Reached skill level 10 in Fighting
 14013 | Lair:1   | Reached skill level 1 in Armour
 14020 | Lair:1   | Reached skill level 5 in Long Blades
 14132 | Lair:1   | Reached XP level 13. HP: 47/103 MP: 3/24
 14385 | Lair:1   | Reached skill level 5 in Conjurations
 15061 | Lair:1   | Reached skill level 10 in Long Blades
 15061 | Lair:1   | Reached XP level 14. HP: 110/110 MP: 10/25
 16064 | Lair:2   | Noticed Fannar
 16089 | Lair:2   | Killed Fannar
 16090 | Lair:2   | Reached skill level 5 in Armour
 16633 | Lair:2   | Found a staircase to the Snake Pit.
 17199 | Lair:2   | Found a staircase to the Swamp.
 17858 | Lair:3   | Found a gate leading to a gauntlet.
 17871 | Gauntlet | Entered a Gauntlet
 17871 | Gauntlet | Found a transporter.
 17893 | Gauntlet | Found a transporter.
 17894 | Gauntlet | Found a transporter.
 17895 | Gauntlet | Found a transporter.
 17898 | Gauntlet | Found a transporter.
 17899 | Gauntlet | Found a transporter.
 17903 | Gauntlet | Found a runed translucent door.
 17904 | Gauntlet | Found a runed translucent door.
 17905 | Gauntlet | Noticed a quicksilver ooze
 17912 | Gauntlet | Found a transporter.
 17934 | Gauntlet | Found a transporter.
 17952 | Gauntlet | Found a transporter.
 17956 | Gauntlet | Found a transporter.
 17959 | Gauntlet | Noticed a dire elephant
 17960 | Gauntlet | Found the +3 pair of mountain boots {steadfast, rC+}
 17964 | Gauntlet | Found a transporter.
 18108 | Gauntlet | Noticed a minotaur
 18123 | Gauntlet | Killed a minotaur
 18124 | Gauntlet | Reached skill level 5 in Shields
 18161 | Gauntlet | Identified the +1 plate armour of Impatience {rC+}
 18161 | Gauntlet | Identified the ring of the Griffon {rElec Str+3 Int+4 SInv}
 18161 | Gauntlet | Identified the staff of the Other Side {rPois Str+4 Int+3
                  | Poison}
 18161 | Gauntlet | Identified the orb of Gestures {mayhem, rElec rCorr Int+3
                  | Dex+2}
 18334 | Lair:3   | Noticed Gastronok
 18493 | Lair:3   | Killed Gastronok
 18912 | Lair:3   | Reached * piety under Ashenzari
 19226 | Lair:3   | Reached XP level 15. HP: 90/115 MP: 26/26
 19713 | Lair:4   | Noticed beavisfan's ghost (journeyman GnSh)
 19739 | Lair:4   | Identified the +0 rapier "Ostrole" {heavy, rPois}
 19741 | Lair:4   | Learned a level 6 spell: Plasma Beam
 19743 | Lair:4   | Noticed Kirke
 19792 | Lair:3   | Identified the cursed +2 cloak "Burden of Ashenzari"
                  | {Melee, Elem} (You took it off Crazy Yiuf on level 2 of the
                  | Dungeon)
 19792 | Lair:3   | Identified the cursed +2 helmet "Overhang to Understand"
                  | {Fort, Comp} (You found it on level 2 of the Lair of
                  | Beasts)
 19817 | Lair:4   | Identified the +2 cloak "Rukkiat" {rElec rPois rC- Str+4}
 19907 | Lair:4   | Upgraded the game from 0.31-a0-844-gdc52ec4e09 to
                  | 0.31-a0-845-g9abc20d24f
 19914 | Lair:4   | Found a runed translucent gate.
 19915 | Lair:4   | Found a runed translucent gate.
 19916 | Lair:4   | Found a runed translucent gate.
 19987 | Lair:4   | Reached skill level 1 in Air Magic
 20496 | Lair:5   | Entered Level 5 of the Lair of Beasts
 20830 | Lair:5   | Reached skill level 11 in Fire Magic
 21145 | Lair:5   | Reached skill level 5 in Air Magic
 21532 | Lair:5   | Identified the Discursus on the Shivering Fifth Circle
 21710 | Lair:5   | Found a viscous altar of Jiyva.
 21711 | Lair:5   | Found a staircase to the Slime Pits.
 22411 | D:9      | Killed knightboat's ghost
 22528 | D:10     | Entered Level 10 of the Dungeon
 22573 | D:10     | Reached ** piety under Ashenzari
 22616 | D:10     | Found a transporter.
 22625 | D:10     | Found a transporter.
 22629 | D:10     | Noticed Doj's ghost (novice TrFi)
 22876 | D:10     | Identified the amulet of Beogh's Generosity {Will+ Regen+}
 22913 | D:10     | Found a snail-covered altar of Cheibriados.
 23224 | D:11     | Found Guwiuwn's Armour Emporium.
 23245 | D:11     | Found Tangen's Antique Armour Emporium.
 23498 | D:11     | Found a staircase to the Orcish Mines.
 23584 | D:11     | Found Reuma's Book Shoppe.
 23689 | D:11     | Found Pofuicuo's Armour Shop.
 24166 | D:12     | Noticed Erolcha
 24250 | D:12     | Noticed Snorg
 24268 | D:12     | Killed Snorg
 24269 | D:12     | Reached XP level 16. HP: 124/129 MP: 29/29
 24611 | D:12     | Killed Erolcha
 24680 | D:12     | Found a frozen archway.
 24864 | IceCv    | Entered an ice cave
 25646 | IceCv    | Identified the ring "Illeew" {rN++ MP+9 Str+4}
 25938 | D:12     | Reached skill level 12 in Fire Magic
 26078 | D:12     | Noticed Azrael
 26102 | D:12     | Killed Azrael
 26350 | Orc:1    | Entered Level 1 of the Orcish Mines
 26350 | Orc:1    | Found Hocem's Antique Armour Emporium.
 26350 | Orc:1    | Noticed Erica
 26381 | D:11     | Killed Erica
 26579 | Orc:2    | Entered Level 2 of the Orcish Mines
 26926 | Orc:2    | Found a staircase to the Elven Halls.
 27353 | Orc:2    | Found Luxky's Assorted Antiques.
 27353 | Orc:2    | Found Ollaunuj's Book Emporium.
 27355 | Orc:2    | Found Athaq's Jewellery Shoppe.
 27357 | Orc:2    | Found Liufatoj's Armour Boutique.
 27361 | Orc:2    | Bought a scroll of teleportation for 84 gold pieces
 27361 | Orc:2    | Bought a potion of curing for 84 gold pieces
 28087 | Orc:1    | Reached *** piety under Ashenzari
 28382 | D:13     | Reached skill level 1 in Evocations
 29759 | D:14     | Found a gate to the Vaults.
 29841 | D:14     | Reached skill level 13 in Fire Magic
 29898 | D:14     | Reached XP level 17. HP: 139/139 MP: 30/30
 30138 | D:15     | Entered Level 15 of the Dungeon
 30805 | D:15     | Found a white marble altar of Elyvilon.
 31093 | D:15     | Reached skill level 5 in Evocations
 31104 | D:15     | Found a staircase to the Depths.
 31592 | Depths:1 | Entered Level 1 of the Depths
 32113 | Depths:4 | Entered Level 4 of the Depths
 32163 | Depths:4 | Noticed a golden dragon
 32278 | Depths:3 | Found a sacrificial altar of Ru.
 32567 | Depths:3 | Found Mibbaon's General Store.
 32571 | Depths:3 | Bought a potion of curing for 54 gold pieces
 32966 | Depths:3 | Killed a golden dragon
 33132 | Depths:4 | Noticed a juggernaut
 33206 | Depths:3 | Reached skill level 14 in Fire Magic
 33923 | Depths:3 | Noticed a walking divine tome
 33977 | Depths:3 | Noticed a walking earthen tome
 34161 | D:15     | Reached **** piety under Ashenzari
 34356 | Snake:1  | Entered Level 1 of the Snake Pit
 34424 | Snake:1  | Upgraded the game from 0.31-a0-845-g9abc20d24f to
                  | 0.31-a0-846-gb3bcc0d938
 35327 | Snake:1  | Reached XP level 18. HP: 153/153 MP: 12/32
 35872 | Snake:1  | Identified the +5 quarterstaff of Kismet {pain, rC++
                  | Stlth-}
 35872 | Snake:1  | Identified the +0 leather armour "Paloenio" {rC+ rCorr
                  | MP-9}
 36390 | Snake:1  | Identified the staff "Apnuqoin" {rF+ Str+2 SInv Fire}
 37971 | Snake:2  | Slain by a salamander

Illustrated notes

Levels and vault maps discovered:
D:1:      roderic_chinese_lattice_arrival, layout_basic, serial_forest,
          infiniplex_forest_end_1, infiniplex_forest_clump_small,
          infiniplex_forest_clump_small, infiniplex_forest_lined_room_,
          infiniplex_forest_clump_diagonal, infiniplex_forest_clump_cross,
          infiniplex_forest_zigzag_1, hellmonk_ecumenical_altar_run_dry,
          minmay_pentomino_z2
D:2:      layout_loops_ring, basic_altar, uniq_crazy_yiuf_cottage
D:3:      layout_basic, minitemple, cheibrodos_sewer_entry_sluice, serial_shops,
          shop, grunt_ministairs_14
D:4:      layout_basic, grunt_gozag_breadcrumbs, feat_on_display
D:5:      layout_basic, kennysheep_potato
D:6:      layout_rooms, guppyfry_early_elven_hall, uniq_eustachio,
          uniq_blork_the_orc, uniq_maggie, uniq_menkaure, uniq_grinder
D:7:      layout_basic, mainiacjoe_overflow_alcove_2,
          minmay_temple_entry_statues_pillars, uniq_jeremiah
D:8:      layout_basic, lightli_church_of_beogh, uniq_pikel
D:9:      layout_irregular_city, dpeg_lair_monsters, hellmonk_ghost_big_iron,
          enter_bailey_5, nicolae_nh_ransacked_shop, uniq_prince_ribbit1
D:10:     layout_long_grid, mainiacjoe_overflow_catwalk,
          gammafunk_ghost_stat_death, corner_web_ring
D:11:     layout_roguey [special_room_orc], david_orc_5, serial_shops,
          shop_fountains, shop, shop, kennysheep_little_box
D:12:     layout_roguey, portal_ice_cave_demonic_guard, uniq_azrael,
          uniq_erolcha, uniq_snorg
D:13:     layout_loops_cross
D:14:     layout_basic, grunt_vaults_entry_fortified, serial_ice, serial_ice_g,
          serial_ice_a, serial_ice_m, serial_ice_j
D:15:     gammafunk_depths_entry_grave, layout_basic,
          nicolae_elyvilon_peaceful_grove
Temple:   nicolae_temple_bog_church
Lair:1:   layout_cellular_growth, grunt_megastairs_4, infiniplex_staircase_pool
Lair:2:   layout_regular_city, nicolae_swamp_entry_splash_gauntlet,
          nicolae_snake_entry_warm_welcome, nicolae_lair_lil_pond,
          infiniplex_staircase_pool_2, lemuel_fruit_fields, uniq_fannar
Lair:3:   layout_cave_pods, gauntlet_entry_generic, beast_lair_carwin_5,
          uniq_gastronok
Lair:4:   layout_misc_corridors, maelrawn_ghost_gauntlet_escape,
          lemuel_fruit_tree, grunt_megastairs_5, uniq_kirke
Lair:5:   minmay_lair_end_frog_pond, layout_misc_corridors,
          dpeg_slime_entry_enclosed, pdpol_lair_cavern_descent,
          serial_bayou_shore_a, serial_bayou_shore_b
Snake:1:  layout_grid_maze, nicolae_snake_naga_rites
Snake:2:  layout_cave_shapes, nicolae_snake_dead_anacondas, grunt_megastairs_2
Orc:1:    layout_caves, serial_shops, shop, nicolae_orc_flooded_monolith,
          uniq_erica
Orc:2:    st_orc_rangers, layout_caves, nicolae_orc_lava_room
Depths:1: layout_gridlike, minmay_misc_feat_chi, abyss_entry_flame_altar,
          hellmouth_2, grunt_pan_entry_spiral, nicolae_sif_muna_condensation
Depths:2: grunt_profane_halls [grunt_profane_temple_dis,
          grunt_profane_temple_geh, grunt_profane_temple_coc,
          grunt_profane_temple_tar, grunt_profane_loot], hell_entry,
          serial_shops, pan_entry, uniq_enchantress, uniq_norris
Depths:3: minmay_glassy_protrusions, layout_honeycomb, serial_shops, shop,
          abyss_entry_small_statue_room, hangedman_geh_valley,
          nicolae_ru_awakened_eye
Depths:4: grunt_zot_entry_funnels, layout_twisted_cross,
          kiku_gazebo_pond_becter, hangedman_tar_grid_catacomb,
          hangedman_decor_opposing, item_on_display_a

Skill      XL: |  1  2  3  4  5  6  7  8  9 10 11 12 13 14 15 16 17 18 |
---------------+-------------------------------------------------------+-----
Fire Magic     | 4 5 6 7 9 10 11 13 14 | 14.7
Conjurations   | 2 3 4 5 |  5.2
Spellcasting   | 3 4 5 7 |  7.5
Fighting       | 3 6 8 10 12 13 | 13.8
Dodging        | 4 6 9 10 11 | 11.5
Shields        | 4 5 6 |  6.3
Long Blades    | 5 10 13 | 13.2
Armour         | 2 4 6 7 8 |  8.4
Air Magic      | 5 7 |  7.1
Evocations     | 3 7 8 |  8.3
Stealth        | 3 |  3.9

Action                     |  1- 3 |  4- 6 |  7- 9 | 10-12 | 13-15 | 16-18 || total
---------------------------+-------+-------+-------+-------+-------+-------++-------
  Melee: Dagger            |     5 |       |       |       |       |       ||     5
         Short sword       |     5 |       |       |       |       |       ||     5
         Mace              |     3 |     5 |    16 |       |       |       ||    24
         Scimitar          |       |       |       |    91 |   606 |  1156 ||  1853
         Unarmed           |       |       |       |       |     1 |       ||     1
   Cast: Foxfire           |    58 |    86 |    74 |   166 |   175 |    31 ||   590
         Scorch            |     6 |    21 |    49 |    87 |   116 |    84 ||   363
         Flame Wave        |       |       |       |    22 |    44 |    41 ||   107
         Plasma Beam       |       |       |       |       |       |    81 ||    81
 Invoke: Curse Item        |       |       |       |     1 |     3 |     3 ||     7
  Evoke: Wand              |       |     2 |       |    10 |    10 |     4 ||    26
         Condenser vane    |       |       |       |       |       |     2 ||     2
    Use: Scroll            |       |     9 |     2 |     9 |    22 |     8 ||    50
         Potion            |       |       |       |     8 |    17 |    15 ||    40
   Stab: Distracted        |       |       |       |     2 |     2 |     2 ||     6
         Invisible         |       |       |       |       |    10 |     1 ||    11
         Sleeping          |       |       |       |       |     3 |     4 ||     7
 Armour: Robe              |    17 |     9 |    41 |       |       |       ||    67
         Acid dragon scale |       |       |    27 |   201 |   460 |   828 ||  1516
         Skin              |       |       |       |       |    11 |       ||    11
  Dodge: Dodged            |    18 |    16 |    72 |   175 |   507 |   836 ||  1624
  Block: Buckler           |       |       |       |    24 |   193 |   297 ||   514
         Kite shield       |       |       |       |       |       |    93 ||    93
         Reflection        |       |       |       |       |       |    10 ||    10

Table legend: (Time is in decaauts)
 A = Elapsed time spent in this place.
 B = Non-inter-level travel time spent in this place.
 C = Inter-level travel time spent in this place.
 D = Time resting spent in this place.
 E = Time spent auto-exploring this place.
 F = Levels seen in this place.
 G = Mean time per level.
                   A        B        C        D        E       F      G
               +--------+--------+--------+--------+--------+-----+--------+
         Total |  37775 |  35909 |   1866 |   7216 |  17961 |  33 | 1144.7 |
       Dungeon |  18892 |  17635 |   1257 |   2362 |  10737 |  15 | 1259.5 |
        Temple |     88 |     68 |     20 |      0 |     42 |   1 |   88.0 |
          Lair |   8494 |   8118 |    376 |   1851 |   3960 |   5 | 1698.8 |
     Snake Pit |   3410 |   3402 |      8 |   1189 |   1388 |   2 | 1705.0 |
  Orcish Mines |   1705 |   1622 |     83 |    249 |    901 |   2 |  852.5 |
        Depths |   2350 |   2229 |    121 |    709 |      0 |   4 |  587.5 |
         Sewer |    908 |    908 |      0 |     72 |    623 |   1 |  908.0 |
        Bailey |    745 |    745 |      0 |    327 |    129 |   1 |  745.0 |
      Ice Cave |    899 |    899 |      0 |    390 |    181 |   1 |  899.0 |
      Gauntlet |    279 |    279 |      0 |     66 |      0 |   1 |  279.0 |
               +--------+--------+--------+--------+--------+-----+--------+

Top non-repeatable levels by time:
 Snake:1: 3210 daAuts
  Lair:1: 2600 daAuts
     D:8: 2387 daAuts
  Lair:2: 2031 daAuts
Depths:3: 1882 daAuts
     D:9: 1724 daAuts
     D:7: 1654 daAuts
    D:15: 1565 daAuts
  Lair:3: 1513 daAuts
  Lair:5: 1494 daAuts
     D:6: 1428 daAuts
     D:3: 1366 daAuts
    D:12: 1333 daAuts
     D:2: 1149 daAuts
     D:1: 1146 daAuts
